AoeStats
← BaggerBizeps

Nomad

510155821Analyzed
2v2 RM · 3d ago on Sep 29, 2026· 46m 45s· 4 players
Game mode
Random Map
Map size
176×176
Population
200
Speed
Normal
Resources
Standard
Victory
Conquest
Starting age
Dark Age
Ending age
Imperial Age
RankedLock teamsTeams togetherTeam positionsShared explorationLock speedFull tech treeHidden civsTurbo modeCheats
Victory
Defeat
🇩🇪 Japanese · Germany
1127
+16
🇨🇿 Chinese · Czechia
1084
+47
🇮🇹 Hindustanis · Italy
1133
-17
🇮🇹 Armenians · Italy
1129
-17
Divano87
11:27 Loom
14:06 Feudal Age
15:36 Wheelbarrow
14:49 Double-Bit Axe
16:41 Fishing Lines
22:56 Castle Age
21:44 Stone Mining
23:13 Padded Archer Armor
23:04 Fletching
24:02 Medium Warships
24:38 Gillnets
26:30 Leather Archer Armor
27:07 Gold Mining
29:12 Bow Saw
30:50 Scale Barding Armor
30:57 Forging
31:56 Bloodlines
31:08 Light Cavalry
33:07 Horse Collar
38:23 Bodkin Arrow
40:30 Hand Cart
43:14 Heavy Plow
46:33 Imperial Age
deca.deca
11:33 Loom
14:12 Feudal Age
16:02 Double-Bit Axe
20:58 Castle Age
22:00 Stone Mining
23:08 Horse Collar
28:07 Town Watch
32:44 Gold Mining
37:14 Imperial Age
44:29 Chemistry
43:35 Murder Holes
44:53 Shatagni
BaggerBizeps
11:18 Loom
13:34 Feudal Age
14:13 Double-Bit Axe
14:17 Fishing Lines
16:40 Gold Mining
17:09 Fletching
19:31 Castle Age
18:51 Stone Mining
20:04 Forging
20:30 Medium Warships
20:14 Gillnets
20:40 Bow Saw
24:28 Iron Casting
23:54 Scale Mail Armor
26:48 Chain Mail Armor
27:50 Wheelbarrow
29:32 Hand Cart
29:55 Gold Shaft Mining
31:37 Squires
31:22 Arson
32:35 Careening
33:09 Town Watch
33:50 Clinker Construction
37:06 Imperial Age
35:44 Ballistics
36:18 Treadmill Crane
36:37 Murder Holes
38:19 Heavy Warships
38:01 Bodkin Arrow
38:31 Conscription
39:30 Shipwright
41:16 Blast Furnace
40:27 Elite Samurai
42:00 Plate Mail Armor
45:34 Two-Man Saw
45:30 Bracer
Nightfury
11:20 Loom
13:56 Feudal Age
12:13 Loom
14:31 Double-Bit Axe
22:32 Castle Age
21:52 Horse Collar
25:19 Pikeman
27:02 Bow Saw
27:10 Forging
28:56 Heavy Plow
29:56 Wheelbarrow
32:37 Thumb Ring
33:20 Fletching
38:06 Hand Cart
40:27 Careening
43:50 Elite Skirmisher
44:58 Murder Holes
Connection lost

Rejoining the realm…

Still unreachable

The connection could not be restored.

Session expired

The server has moved on; the page needs a fresh start.